 Dungeon Crawl Stone Soup version 0.29.1-2-gbd0b4ee654 (webtiles) character file.

Game seed: 16063640857967460421

1419 sizableburger the Trooper (level 8, 63/63 HPs)
             Began as a Mummy Hedge Wizard on Nov 2, 2022.
             Was an Initiate of Okawaru.
             Quit the game in the Ecumenical Temple.
             The game lasted 00:19:44 (9171 turns).

sizableburger the Trooper (Mummy Hedge Wizard)      Turns: 9171, Time: 00:19:45

Health: 63/63      AC:  4    Str: 14    XL:     8   Next: 43%
Magic:  14/14      EV: 12    Int: 15    God:    Okawaru [......]
Gold:   252        SH:  0    Dex: 11    Spells: 7/15 levels left

rFire   x . .      SeeInvis .   f - +0 quarterstaff
rCold   + . .      Faith    .   (shield currently unavailable)
rNeg    + + +      Spirit   +   b - +0 robe
rPois   ∞          Reflect  .   c - +0 hat
rElec   .          Harm     .   (no cloak)
rCorr   .          Rampage  .   d - +1 pair of gloves
Will    +....                   (no boots)
Stlth   ++........              g - amulet of guardian spirit
HPRegen 0.20/turn               i - +4 ring of slaying
MPRegen 0.14/turn               (no ring)

@: no status effects
A: cold resistance 1, negative energy resistance 3, torment resistance 2, heat
vulnerability 1, in touch with death 1, no potions
a: Renounce Religion


You were in the Ecumenical Temple.
You worshipped Okawaru.
Okawaru was noncommittal.
You visited 2 branches of the dungeon, and saw 7 of its levels.

You collected 252 gold pieces.

Inventory:

Hand Weapons
 a - a +0 dagger
 f - a +0 quarterstaff (weapon)
Armour
 b - a +0 robe (worn)
 c - a +0 hat (worn)
 d - a +1 pair of gloves (worn)
Jewellery
 g - an amulet of guardian spirit (around neck)
 i - a +4 ring of slaying (left hand)
Wands
 e - a wand of polymorph (11)
 j - a wand of charming (8)
 l - a wand of quicksilver (10)
Scrolls
 h - 2 scrolls of teleportation
 k - 3 scrolls of identify
 n - 3 scrolls of enchant armour


   Skills:
 + Level 5.5 Fighting
 - Level 1.1 Short Blades
 + Level 4.2 Staves
 - Level 1.5 Dodging
 - Level 1.5 Stealth
 - Level 4.0 Spellcasting
 - Level 1.2 Conjurations
 + Level 3.2 Summonings
 - Level 0.7 Translocations
 + Level 4.0 Fire Magic


You had 7 spell levels left.
You knew the following spells:

 Your Spells              Type           Power      Damage    Failure   Level
a - Magic Dart            Conj           24%        1d4       11%         1
b - Call Imp              Summ           12%        N/A       7%          2
c - Scorch                Fire           30%        2d7       5%          2
d - Call Canine Familiar  Summ           12%        N/A       14%         3

Your spell library contained the following spells:

 Spells                   Type           Power      Damage    Failure   Level
 Slow                     Hex            12%        N/A       19%         1
 Conjure Flame            Conj/Fire      10%        6-21      19%         3
 Blink                    Tloc           10%        N/A       21%         2
 Ignite Poison            Fire/Tmut/Pois 7%         N/A       30%         3
 Mephitic Cloud           Conj/Pois/Air  4%         N/A       41%         3
 Flame Wave               Conj/Fire      10%        2d6       52%         4
 Petrify                  Tmut/Erth      3%         N/A       87%         4
 Irradiate                Conj/Tmut      2%         3d12      98%         5
 Freezing Cloud           Conj/Ice/Air   2%         6-21      99%         5
 Summon Small Mammal      Summ           Unusable   N/A       N/A         1
 Sublimation of Blood     Necr           Unusable   N/A       N/A         2
 Summon Guardian Golem    Hex/Summ       Unusable   N/A       N/A         3
 Summon Cactus Giant      Summ           Unusable   N/A       N/A         6

Dungeon Overview and Level Annotations

Branches:
Dungeon (6/15)             Temple (1/1) D:6

Altars:
Ashenzari
Cheibriados
Dithmenos
Gozag
Hepliaklqana
Kikubaaqudgha
Makhleb
Nemelex Xobeh
Okawaru
Qazlal
Ru
Sif Muna
Trog
Vehumet
Xom
Yredelemnul

Annotations:
D:6 Maggie, Pikel


Innate Abilities, Weirdness & Mutations

You are immune to poison.
Your flesh is cold resistant. (rC+)
You are immune to negative energy. (rN+++)
You are immune to unholy pain and torment.
You are vulnerable to heat. (rF-)
You are in touch with the powers of death.
You do not drink.


Message History

Magic restored.
You start resting.
HP restored.
Done exploring.
There is a staircase back to the Dungeon here.
You climb upwards.
Welcome back to the Dungeon!
Level annotation: Maggie, Pikel
There is a staircase to the Ecumenical Temple here.
A gnoll bouda is nearby!
You start waiting.
A gnoll is nearby!
The gnoll shouts!
You hear a shout!
There is a staircase to the Ecumenical Temple here.
The gnoll hits you with a +1 vorpal flail.
You climb downwards.
Welcome back to the Ecumenical Temple!
There is a staircase back to the Dungeon here.
Casting: Call Canine Familiar (dangerous; 14% risk of failure)
Confirm with . or Enter, or press ? or * to list all spells.
Flames lash the gnoll.
The gnoll is moderately wounded.
The gnoll's fire resistance burns away.
The gnoll hits you with a +1 vorpal flail.
Unknown command.
Casting: Scorch (safe; 5% risk of failure)
Confirm with . or Enter, or press ? or * to list all spells.
Flames lash the gnoll.
The gnoll is burned terribly!
The gnoll is severely wounded.
The gnoll hits you with a +1 vorpal flail.
Unknown command.
Casting: Scorch (safe; 5% risk of failure)
Confirm with . or Enter, or press ? or * to list all spells.
Flames lash the gnoll.
The gnoll is burned terribly!
You kill the gnoll!
Okawaru accepts your kill.
Unknown command.
You start resting.
HP restored.
You start resting.
Magic restored.
Are you sure you want to abandon this character and quit the game? (Confirm with "yes".)

#########
##._._._.##
##_......._##
##...≈≈.≈≈...##
#_..≈≈≈.≈≈≈.._#
#..≈≈≈...≈≈≈..#
#_.≈≈.....≈≈._#
#.....)@......#
#_.≈≈.....≈≈._#
#..≈≈≈...≈≈≈..#
#_..≈≈≈.≈≈≈.._#
##...≈≈.≈≈...##
##_......._##
##._._._.##
#########


There were no monsters in sight!

Vanquished Creatures
  Menkaure (D:5)
  A black bear (D:4)
  An ogre (D:5)
  2 centaurs
  A phantom (Temple)
  4 scorpions
  A hound (D:5)
  2 jellies
  4 iguanas
  An orc wizard (D:4)
  3 adders
  7 gnolls
  3 white imps (D:5)
  An ufetubus (D:4)
  3 dart slugs
  7 orcs
  3 bats
  7 endoplasms
  6 giant cockroaches
  2 goblins
  5 hobgoblins
  4 kobolds
  3 quokkas
  6 ball pythons
  6 frilled lizards
  6 rats
90 creatures vanquished.

Vanquished Creatures (collateral kills)
  Sigmund (D:4)
  A necrophage (D:6)
  A gnoll (D:5)
  An endoplasm (D:2)
  3 hobgoblins
  A bat (D:1)
8 creatures vanquished.

Vanquished Creatures (others)
  4 plants (D:6)
4 creatures vanquished.

Grand Total: 102 creatures vanquished

Notes
Turn   | Place    | Note
-------+----------+-------------------------------------------
     0 | D:1      | sizableburger the Mummy Hedge Wizard began the quest for
                  | the Orb.
     0 | D:1      | Reached XP level 1. HP: 13/13 MP: 5/5
   165 | D:1      | Reached skill level 1 in Summonings
   510 | D:1      | Reached XP level 2. HP: 12/20 MP: 1/7
   566 | D:1      | Learned a level 2 spell: Call Imp
   780 | D:1      | Reached skill level 1 in Conjurations
   911 | D:1      | Reached skill level 1 in Fighting
  1151 | D:1      | Found a faded altar of an unknown god.
  1322 | D:1      | Reached skill level 1 in Short Blades
  1420 | D:1      | Gained mutation: You are in touch with the powers of death.
                  | [Mummy growth]
  1420 | D:1      | Reached XP level 3. HP: 26/26 MP: 6/8
  1892 | D:1      | Learned a level 2 spell: Scorch
  3214 | D:3      | Reached XP level 4. HP: 32/33 MP: 10/10
  3255 | D:4      | Noticed a centaur
  3451 | D:4      | Noticed a scorpion
  3460 | D:4      | Killed a scorpion
  3461 | D:4      | Reached skill level 2 in Fighting
  3461 | D:4      | Reached skill level 1 in Staves
  3461 | D:4      | Reached skill level 1 in Fire Magic
  3542 | D:4      | Noticed a black bear
  3616 | D:4      | Reached XP level 5. HP: 36/39 MP: 8/11
  3643 | D:4      | Found a shimmering blue altar of Sif Muna.
  3703 | D:4      | Noticed Sigmund
  4000 | D:3      | Killed a centaur
  4585 | D:3      | Reached skill level 3 in Fighting
  4652 | D:4      | Reached XP level 6. HP: 46/47 MP: 12/12
  4996 | D:4      | Killed Sigmund
  5195 | D:4      | Reached skill level 4 in Fighting
  5195 | D:4      | Reached XP level 7. HP: 33/54 MP: 0/13
  5821 | D:5      | Entered Level 5 of the Dungeon
  6241 | D:5      | Learned a level 3 spell: Call Canine Familiar
  7301 | D:5      | Reached XP level 8. HP: 48/61 MP: 2/14
  7386 | D:6      | Noticed Maggie
  7498 | D:6      | Noticed Menkaure
  7506 | D:5      | Killed Menkaure
  7507 | D:5      | Reached skill level 5 in Fighting
  8127 | D:6      | Noticed Pikel
  8413 | D:6      | Noticed Maggie
  8413 | D:6      | Maggie changed into Maggie the centaur
  8617 | D:6      | Found a staircase to the Ecumenical Temple.
  8910 | Temple   | Entered the Ecumenical Temple
  8917 | Temple   | Became a worshipper of Warmaster Okawaru
  9171 | Temple   | Quit the game

Illustrated notes

Levels and vault maps discovered:
D:1:      dpeg_arrival_solitude, layout_basic, ebering_ecumenical_altar_box,
          bh_walls_and_bars
D:2:      layout_loops_cross
D:3:      layout_rooms
D:4:      layout_loops_ring, mainiacjoe_overflow_boulevard,
          roderic_roman_lattice, uniq_sigmund
D:5:      layout_loops_corners
D:6:      layout_rooms, gammafunk_temple_overflow_claw,
          minmay_temple_entry_gardened_gates, uniq_menkaure, uniq_pikel,
          uniq_maggie
Temple:   nicolae_temple_no_exploring_needed

Skill      XL: |  1  2  3  4  5  6  7  8 |
---------------+-------------------------+-----
Summonings     | 1 2 3 |  3.2
Conjurations   | 1 |  1.2
Fighting       | 1 2 3 4 5 |  5.5
Short Blades   | 1 |  1.1
Staves         | 1 2 3 4 |  4.2
Fire Magic     | 1 2 3 4 |  4.0
Dodging        | |  1.5
Stealth        | |  1.5
Spellcasting   | |  4.0
Translocations | |  0.7

Action                   |  1- 3 |  4- 6 |  7- 9 || total
-------------------------+-------+-------+-------++-------
Melee: Dagger            |   115 |       |       ||   115
       Quarterstaff      |    16 |    81 |    73 ||   170
 Cast: Magic Dart        |    68 |    10 |       ||    78
       Call Imp          |    11 |     6 |     2 ||    19
       Scorch            |       |     9 |    38 ||    47
       Call Canine Famil |       |       |     8 ||     8
Evoke: Wand              |       |       |     1 ||     1
  Use: Scroll            |       |     7 |     5 ||    12
 Stab: Sleeping          |     3 |     1 |       ||     4
Armor: Robe              |    27 |    20 |    22 ||    69
Dodge: Dodged            |   103 |    89 |    64 ||   256
